 Dungeon Crawl Stone Soup version 0.17.1-3-g152610e (webtiles) character file.

3264 sveltemanboy the Cleaver (level 9, -1/68 HPs)
             Began as a Demonspawn Gladiator on Apr 15, 2016.
             Was a Priest of Okawaru.
             Slain by an unseen horror (3 damage)
             ... on level 7 of the Dungeon.
             The game lasted 00:19:35 (7857 turns).

sveltemanboy the Cleaver (Demonspawn Gladiator)     Turns: 7857, Time: 00:19:35

Health: -1/68      AC: 15    Str: 19    XL:     9   Next: 68%
Magic:  12/12      EV: 11    Int: 10    God:    Okawaru [***...]
Gold:   608        SH:  0    Dex: 18    Spells: 0 memorised, 8 levels left

rFire  + . .     SeeInvis .     G - +0 battleaxe
rCold  + . .     Clarity  .     l - +0 chain mail
rNeg   . . .     SustAt   .     (shield currently unavailable)
rPois  .         Gourm    .     (helmet restricted)
rElec  .         Spirit   .     u - +0 cloak
rCorr  .         Warding  .     v - +0 pair of gloves
rMut   .         Stasis   .     g - +0 pair of boots
MR     .....                    (no amulet)
Stlth  ..........               F - +2 ring of protection
                                y - +5 ring of dexterity

@: not resistant to hostile enchantments, extremely unstealthy
A: horns 1, repulsion field 1, cold resistance 1, fire resistance 1, powered by
pain 1, flame cloud immunity
a: Heroism, Renounce Religion


You were on level 7 of the Dungeon.
You worshipped Okawaru.
Okawaru was most pleased with you.
You were hungry.

You visited 2 branches of the dungeon, and saw 8 of its levels.

You collected 608 gold pieces.

Inventory:

Hand Weapons
 G - a +0 battleaxe (weapon)
Missiles
 d - 5 throwing nets (quivered)
 r - 16 tomahawks
Armour
 g - a +0 pair of boots (worn)
 l - a +0 chain mail (worn)
 u - a +0 cloak (worn)
 v - a +0 pair of gloves (worn)
Jewellery
 y - a +5 ring of dexterity (left hand)
 F - a +2 ring of protection (right hand)
Wands
 x - a wand of digging (19)
 E - a wand of fire (5)
Scrolls
 c - 3 scrolls of teleportation {unknown}
 f - 2 scrolls of fear {unknown}
 j - 2 scrolls of identify
 k - 3 scrolls of enchant weapon {unknown}
 m - a scroll of immolation {unknown}
 n - 3 scrolls of fog {unknown}
 p - 3 scrolls of remove curse {unknown}
 s - a scroll of random uselessness {unknown}
 t - 3 scrolls of amnesia {unknown}
Potions
 a - a potion of flight {unknown}
 i - a potion of magic
 q - a potion of brilliance
 w - a potion of resistance
 z - 5 potions of curing
 B - a potion of might
 C - a potion of agility
 D - a potion of poison {unknown}
Comestibles
 e - 4 bread rations
 h - 4 beef jerkies
 o - 3 meat rations


   Skills:
 - Level 5.3 Fighting
 * Level 10.2 Axes
 - Level 1.7 Throwing
 - Level 5.1 Armour
 - Level 3.1 Dodging
 - Level 4.0 Invocations


You had 8 spell levels left.
You didn't know any spells.

Dungeon Overview and Level Annotations

Branches:
Dungeon (7/15)             Temple (1/1) D:4

Altars:
Ashenzari
Cheibriados
Dithmenos
Fedhas
Gozag
Kikubaaqudgha
Makhleb
Nemelex Xobeh
Okawaru
Qazlal
Ru
Sif Muna
Vehumet
Zin
The Shining One


Innate Abilities, Weirdness & Mutations

You have a pair of small horns on your head.
You are surrounded by a mild repulsion field (EV +2).
Your flesh is heat resistant.
You sometimes gain a little power by taking damage.
You are immune to clouds of flame.
Your flesh is cold resistant.


Message History

Something hits you but does no damage. Something hits you but does no damage.
Something hits you.
* * * LOW HITPOINT WARNING * * *
Something hits you but does no damage. Something hits you but does no damage.
Drink which item? (? for menu, Esc to quit)
Okay, then.
You slash something! Something hits you.
* * * LOW HITPOINT WARNING * * *
Something hits you but does no damage. Something hits you but does no damage.
Something hits you.
* * * LOW HITPOINT WARNING * * *
You barely miss something. Your headbutt misses something.
Something hits you but does no damage. x2
Something hits you but does no damage. Something hits you.
* * * LOW HITPOINT WARNING * * *
Something hits you but does no damage. Something hits you.
You die...

#.......# ###
####.####
#####.. ###.#
....... #...#
....#.# #.###
... #.# #.# ..
..# #.######..
....###
#.........
.......
#@#####...
....#.. #....#
# ## #..
#.##.##.# #..
#.......# ##.
####.####
#######
#.#######......
#.##...##.###..
#..........#
####...###.....


There were no monsters in sight!

Vanquished Creatures
  Pikel (D:4)
  Joseph (D:7)
  The ghost of barb4r1an the Ruffian, an amateur TrMo of Makhleb (D:5)
  The ghost of bollicks1999 the Covert, an amateur OpAs (D:3)
  An ice beast (D:6)
  An ogre (D:6)
  A centaur (D:7)
  A slave (D:4)
  2 phantoms (D:7)
  A gnoll sergeant (D:6)
  3 giant frogs
  2 scorpions
  2 quasits (D:7)
  2 crimson imps
  5 orc priests
  A jelly (D:6)
  A giant frog zombie (D:6)
  7 orc wizards
  2 hounds (D:7)
  2 iguanas
  4 worker ants
  A gnoll shaman (D:6)
  A hound skeleton (D:6)
  A worker ant zombie (D:6)
  3 adders
  40 gnolls (D:6)
  An adder zombie (D:6)
  An ooze (D:5)
  An adder skeleton (D:5)
  3 giant geckos
  26 orcs
  6 bats
  7 giant cockroaches
  4 goblins
  7 hobgoblins
  21 jackals
  A ball python (D:2)
  4 giant newts
  7 kobolds
  4 quokkas
  5 rats
  2 fungi (D:6)
188 creatures vanquished.

Notes
Turn   | Place    | Note
--------------------------------------------------------------
     0 | D:1      | sveltemanboy the Demonspawn Gladiator began the quest for the Orb.
     0 | D:1      | Reached XP level 1. HP: 16/16 MP: 1/1
   119 | D:1      | Reached skill level 3 in Axes
   127 | D:1      | Gained mutation: You have a pair of small horns on your head. [demonic ancestry]
   127 | D:1      | Reached XP level 2. HP: 5/22 MP: 2/2
   993 | D:1      | Reached skill level 1 in Armour
  1399 | D:2      | Gained mutation: Your flesh is heat resistant. [demonic ancestry]
  1399 | D:2      | Reached XP level 3. HP: 18/27 MP: 3/3
  2168 | D:3      | Reached skill level 4 in Axes
  2168 | D:3      | Gained mutation: You are surrounded by a mild repulsion field (EV +2). [demonic ancestry]
  2168 | D:3      | Reached XP level 4. HP: 15/33 MP: 4/4
  2266 | D:3      | Noticed bollicks1999's ghost (amateur OpAs)
  2368 | D:3      | Killed bollicks1999's ghost
  2368 | D:3      | Reached skill level 5 in Axes
  2368 | D:3      | Reached XP level 5. HP: 36/38 MP: 5/5
  3015 | D:4      | Gained mutation: You sometimes gain a little power by taking damage. [demonic ancestry]
  3015 | D:4      | Reached XP level 6. HP: 44/44 MP: 6/6
  3311 | D:4      | Reached skill level 6 in Axes
  3554 | D:4      | Found a staircase to the Ecumenical Temple.
  3560 | D:4      | Noticed a slave
  3562 | D:4      | Noticed a slave
  3566 | Temple   | Entered the Ecumenical Temple
  3592 | Temple   | Became a worshipper of Warmaster Okawaru
  3623 | D:4      | Noticed Pikel
  3625 | D:4      | Killed a slave
  3629 | D:4      | Noticed a slave
  3629 | D:4      | Noticed a slave
  3633 | D:4      | Gained mutation: Your flesh is cold resistant. [potion of beneficial mutation]
  3645 | D:4      | Killed Pikel
  3645 | D:4      | Reached * piety under Okawaru
  3645 | D:4      | Reached skill level 7 in Axes
  3645 | D:4      | Reached XP level 7. HP: 27/50 MP: 7/7
  3953 | D:4      | You fall through a shaft!
  3953 | D:5      | Entered Level 5 of the Dungeon
  4000 | D:5      | Gained mutation: You are immune to clouds of flame. [demonic ancestry]
  4000 | D:5      | Reached XP level 8. HP: 43/56 MP: 8/8
  4003 | D:5      | Noticed barb4r1an's ghost (amateur TrMo)
  4031 | D:5      | Killed barb4r1an's ghost
  4031 | D:5      | Reached skill level 5 in Armour
  4033 | D:5      | Reached skill level 8 in Axes
  4288 | D:5      | Found a deep blue altar of Sif Muna.
  4321 | D:5      | Found a sacrificial altar of Ru.
  5238 | D:6      | Reached skill level 1 in Invocations
  5507 | D:6      | Found a snail-covered altar of Cheibriados.
  5630 | D:6      | Reached ** piety under Okawaru
  6216 | D:6      | Reached XP level 9. HP: 44/64 MP: 8/11
  6497 | D:6      | Reached skill level 9 in Axes
  6609 | D:6      | Found a shattered altar of Ashenzari.
  6612 | D:6      | Found a sparkling altar of Nemelex Xobeh.
  7469 | D:7      | Noticed Joseph
  7492 | D:7      | Killed Joseph
  7492 | D:7      | Reached *** piety under Okawaru
  7492 | D:7      | Reached skill level 5 in Fighting
  7492 | D:7      | Reached skill level 10 in Axes
  7856 | D:7      | HP: 1/68 [something (6)]
  7857 | D:7      | Slain by an unseen horror

Action                   |  1- 3 |  4- 6 |  7- 9 || total
-------------------------+-------+-------+-------++-------
Melee: War axe           |   128 |   127 |   294 ||   549
       Battleaxe         |       |       |    91 ||    91
Throw: Throwing net      |     3 |     1 |     4 ||     8
Invok: Heroism           |       |       |     2 ||     2
  Use: Scroll            |       |     2 |     2 ||     4
       Potion            |       |     4 |     6 ||    10
 Stab: Held in net/web   |       |     2 |     5 ||     7
  Eat: Chunk             |     4 |     5 |    12 ||    21
       Beef jerky        |       |       |     1 ||     1
